 Dungeon Crawl Stone Soup version 0.20.0-15-g7f486f2 (webtiles) character file.

211558 Gorglomux the Nimble (level 17, -8/107 HPs)
             Began as a Felid Venom Mage on June 10, 2017.
             Was the Champion of Dithmenos.
             Mangled by a stone giant (33 damage)
             ... on level 1 of the Vaults.
             The game lasted 02:53:05 (67262 turns).

Gorglomux the Nimble (Felid Venom Mage)            Turns: 67262, Time: 02:53:05

Health: -8/107     AC: 27    Str:  4    XL:     17   Next: 75%
Magic:  3/34       EV: 31    Int: 21    God:    Dithmenos [******]
Gold:   3570       SH:  3    Dex: 20    Spells: 5/40 levels left
                                        Lives:  0   Deaths: 3

rFire    + . .     SeeInvis +     - Unarmed
rCold    . . .     Gourm    .   (shield unavailable)
rNeg     + . .     Faith    .   (armour unavailable)
rPois    ∞         Spirit   .   (helmet unavailable)
rElec    +         Reflect  +   (cloak unavailable)
rCorr    .         Harm     .   (gloves unavailable)
MR       ++...                  (boots unavailable)
Stlth    +++++++++.             n - +3 amulet of reflection
Regen    0.3/turn               y - +3 ring of slaying
MPRegen  0.3/turn               f - ring of protection from fire

@: statue-form, marked, slightly contaminated, wreathed by umbra, very slow
A: no armour, no weapons or thrown items, stealth, claws 1, fangs 3, see
invisible, carnivore 3, slow metabolism 1, MP-powered wands, sharp paws
}: 2/15 runes: decaying, serpentine
a: End Transformation, Shadow Step, Shadow Form, Renounce Religion


You were on level 1 of the Vaults.
You worshipped Dithmenos.
Dithmenos was exalted by your worship.
You were full.
You were a stone statue.
You visited 7 branches of the dungeon, and saw 34 of its levels.
You also visited: Sewer.

You collected 4093 gold pieces.
You spent 523 gold pieces at shops.

Inventory:

Jewellery
 f - a ring of protection from fire (right paw)
 g - an uncursed ring of resist corrosion
 m - an uncursed ring of protection from magic
 n - a +3 amulet of reflection (around neck)
 y - a +3 ring of slaying (left paw)
 S - a cursed -2 ring of protection {unknown}
Wands
 p - a wand of iceblast (5/15)
 A - a wand of iceblast (1/15)
 C - a wand of confusion (21/48)
 D - a wand of enslavement (0/24)
 I - a wand of iceblast (7/15)
 L - a wand of lightning (5/15)
 P - a wand of paralysis (0/24)
Scrolls
 o - 7 scrolls of recharging
 s - 8 scrolls of amnesia
 v - 13 scrolls of remove curse
 B - a scroll of blinking
 G - 2 scrolls of fear
 K - 3 scrolls of holy word
 M - 3 scrolls of magic mapping
 R - 12 scrolls of identify
 T - 2 scrolls of teleportation
 Y - 5 scrolls of fog
Potions
 j - 4 potions of heal wounds
 r - a potion of resistance
 t - 3 potions of lignification
 w - 5 potions of mutation {!q}
 E - 2 potions of flight
 F - 10 potions of haste
 H - 4 potions of might
 J - a potion of ambrosia
 O - 4 potions of magic
 Q - 4 potions of curing
 W - 2 potions of agility
Books
 i - a book of Summonings

   Spells                             Type                      Level
   a - Recall                         Summoning/Translocation      3
   b - Aura of Abjuration             Summoning                    5
   c - Summon Demon                   Summoning                    5
   d - Summon Forest                  Summoning/Translocation      5
   e - Summon Mana Viper              Hexes/Summoning              5
   f - Shadow Creatures               Summoning                    6
 x - Roxanne's Guide on Stones
   (You took it off Roxanne on level 14 of the Dungeon)

   Spells                             Type                      Level
   a - Passwall                       Transmutation/Earth          2
   b - Bolt of Magma                  Conjuration/Fire/Earth       5
   c - Iron Shot                      Conjuration/Earth            6
   d - Statue Form                    Transmutation/Earth          6
 N - Rinabusk's Papyrus of Sinister Enchantment
   (You acquired it on level 3 of the Lair of Beasts)

   Spells                             Type                      Level
   a - Pain                           Necromancy                   1
   b - Dazzling Spray                 Conjuration/Hexes            3
   c - Leda's Liquefaction            Hexes/Earth                  4
   d - Dispel Undead                  Necromancy                   5
   e - Invisibility                   Hexes                        6
   f - Simulacrum                     Ice/Necromancy               6
 Z - a book of Changes

   Spells                             Type                      Level
   a - Beastly Appendage              Transmutation                1
   b - Sticks to Snakes               Transmutation                2
   c - Spider Form                    Transmutation/Poison         3
   d - Ice Form                       Ice/Transmutation            4
   e - Blade Hands                    Transmutation                5
Miscellaneous
 V - a phantom mirror
 X - a phial of floods
Comestibles
 z - 10 meat rations
 U - 5 royal jellies


   Skills:
 + Level 14.1 Fighting
 + Level 14.2 Dodging
 - Level 13.1 Stealth
 - Level 9.0 Unarmed Combat
 - Level 12.4 Spellcasting
 - Level 10.2 Conjurations
 - Level 14.0 Hexes
 - Level 11.5 Transmutations
 - Level 12.7 Earth Magic
 - Level 7.3 Poison Magic
 - Level 10.0 Invocations
 - Level 6.0 Evocations


You had 5 spell levels left.
You knew the following spells:

 Your Spells              Type           Power        Failure   Level  Hunger
a - Sting                 Conj/Pois      ####         1%          1    None
b - Poisonous Vapours     Pois/Air       ####..       1%          2    None
c - Olgreb's Toxic Radia  Pois           #####...     2%          4    None
d - Stone Arrow           Conj/Erth      ######       1%          3    None
e - Petrify               Tmut/Erth      ######..     1%          4    None
f - Iron Shot             Conj/Erth      ######....   7%          6    #####..
h - Ozocubu's Armour      Chrm/Ice       ##......     16%         3    None
I - Invisibility          Hex            ######..     2%          6    #####..
Y - Statue Form           Tmut/Erth      ######...    5%          6    #####..


Dungeon Overview and Level Annotations

Branches:
Dungeon (15/15)            Temple (1/1) D:6            Lair (6/6) D:11
  Swamp (4/4) Lair:4        Snake (4/4) Lair:3        Slime (0/5) Lair:6
    Orc (2/2) D:11            Elf (0/3) Orc:2        Vaults (2/5) D:13
 Depths (0/5) D:15
  Crypt: Vaults:2-3

Altars:
Ashenzari
Cheibriados
Dithmenos
Elyvilon
Fedhas
Gozag
Hepliaklqana
Kikubaaqudgha
Makhleb
Nemelex Xobeh
Okawaru
Qazlal
Ru
Sif Muna
Trog
Uskayaw
Vehumet
Xom
Yredelemnul
Zin
The Shining One
Beogh

Shops:
D:6 =   Orc:1 *   Orc:2 =[(}   Snake:4 ?   Vaults:1 (

Portals:
Trove: Vaults:1 (show slimy rune of Zot)

Annotations:
D:11 exclusions: wraith and 2 more exclusions
D:13 Rupert
D:15 1 exclusion
Lair:1 exclusion: downstairs
Lair:3 exclusion: 4 oklob plants
Swamp:3 Mara
Swamp:4 oliv1008's ghost, adept MiBe
Snake:3 !grab d8 rations


Innate Abilities, Weirdness & Mutations

You cannot wear armour.
You are incapable of wielding weapons or throwing items.
Your paws allow you to move quietly. (Stealth)
You have sharp claws.
You have razor-sharp teeth.
You have supernaturally acute eyesight. (SInv)
You are carnivorous and can eat meat at any time.
((You cover ground quickly.))
((Your thick and shaggy fur keeps you warm. (AC +3, rC+)))
You have a slow metabolism.
Your sharp claws are effective at attacking unaware monsters.
You expend magic power (3 MP) to strengthen your wands.


Message History

The stone giant barely misses you.
A deep elf knight comes into view.
Casting: Iron Shot
Confirm with . or Enter, or press ? or * to list all spells.
Aiming: Iron Shot
Press: ? - help, Shift-Dir - straight line, f/p - stone giant
Aim: a stone giant (moderately wounded, unusually strong, umbra)
The iron shot hits the stone giant.
The stone giant is heavily wounded.
The stone giant misses you. You block the stone giant's attack.
Casting: Iron Shot
Confirm with . or Enter, or press ? or * to list all spells.
You don't have enough magic to cast that spell.
Unknown command.
You scratch the stone giant but do no damage.
You bite the stone giant, but do no damage.
The stone giant is heavily wounded.
Your shadow hits the stone giant but does no damage.
The stone giant hits you!!
You die...

..#.............# ##'######'##'
..#.............# #.#..#...#..#
..############### #############
..# ############ ..# #..........#
..# #...(>.....# ..#
#..........########## ..#
#..........#........# ..#
#.........8#).......# ..#
#.....(..(.C).......# ..#
############).......# ..#
#..e.....# ..# #......(.#
..######################'########
................................[
.................................
.................................


You could see a stone giant and a deep elf knight.

Vanquished Creatures
  Nikola (Snake:3)
  Gastronok (D:8)
  2 thorn hunters
  Roxanne (D:14)
  8 nagarajas
  2 vault wardens (Vaults:1)
  Louise (Snake:1)
  3 ironheart preservers (Vaults:1)
  2 orc warlords (Orc:2)
  2 entropy weavers (D:13)
  2 very ugly things
  The ghost of Nicoed the Destroyer, a journeyman OpCj of Vehumet (Orc:1)
  An ettin (Vaults:2)
  2 yaktaur captains (Vaults:1)
  A fire dragon (Vaults:1)
  19 naga warriors
  24 hydras
  2 rakshasas
  Erolcha (D:13)
  An ice dragon (Vaults:1)
  6 alligators
  A death knight (D:15)
  3 ogre magi (Vaults:1)
  7 centaur warriors
  16 two-headed ogres
  9 anacondas
  A queen ant (D:13)
  A tengu warrior (D:14)
  7 death yaks
  An orc high priest (Orc:2)
  15 shock serpents
  2 deep troll earth magi (Vaults:1)
  12 naga sharpshooters
  5 skeletal warriors (Vaults:1)
  4 unseen horrors
  4 spriggan druids
  A salamander mystic (Snake:4)
  4 deep trolls
  3 wizards
  2 ironbrand convokers (Vaults:1)
  3 lindwurms (Swamp:4)
  11 swamp dragons
  4 shambling mangroves
  10 naga ritualists
  4 orc knights
  Pikel (D:7)
  7 orc sorcerers (Orc:2)
  25 ugly things
  2 deep elf magi
  15 mana vipers
  7 manticores
  8 salamanders
  2 wolf spiders
  7 cyclopes
  5 vault sentinels
  3 guardian serpents (Snake:4)
  34 elephants
  26 naga magi
  Psyche (D:8)
  31 black mambas
  A spiny frog (shapeshifter) (D:15)
  38 spiny frogs
  A torpor snail (Lair:5)
  An efreet (D:13)
  A rime drake (shapeshifter) (Vaults:1)
  10 komodo dragons
  3 rime drakes
  8 yaktaurs
  An entropy weaver simulacrum (Vaults:2)
  10 trolls
  5 polar bears
  16 hornets
  46 slime creatures
  12 tyrant leeches
  30 blink frogs
  11 dream sheep
  6 bog bodies
  13 hippogriffs
  6 shadows
  7 spriggans
  47 yaks
  4 wraiths
  11 basilisks
  17 vampire mosquitoes
  6 wyverns
  3 hungry ghosts
  A swamp worm (shapeshifter) (D:9)
  3 wargs
  19 insubstantial wisps
  An acid dragon (D:15)
  22 swamp worms
  36 nagas
  23 soldier ants
  10 porcupines
  11 water moccasins
  3 sky beasts
  36 orc warriors
  14 swamp drakes
  2 eyes of draining
  5 phantoms
  An ice beast (shapeshifter) (D:9)
  2 black bears
  A necrophage (D:10)
  7 ice beasts
  4 slaves (D:7)
  11 wolves
  16 centaurs
  14 ogres
  A big kobold (shapeshifter) (D:14)
  14 crocodiles
  2 big kobolds
  A gnoll sergeant (D:10)
  27 bullfrogs
  3 scorpions
  A wyvern skeleton (D:14)
  A human simulacrum (Vaults:1)
  A hornet simulacrum (Vaults:1)
  An orc simulacrum (Vaults:1)
  16 killer bees
  8 wights
  2 howler monkeys
  4 centaur zombies
  7 crimson imps
  9 hounds
  4 jellies
  Crazy Yiuf (D:3)
  13 orc priests
  4 bullfrog skeletons
  7 centaur skeletons
  28 orc wizards
  Natasha (thrice) (D:3)
  7 iguanas
  26 worker ants
  2 hound zombies
  2 hound skeletons
  3 worker ant zombies
  Robin (D:3)
  10 gnolls
  18 adders
  A howler monkey skeleton (D:8)
  2 river rats (Sewer)
  8 shadow imps
  An ooze (D:2)
  An adder zombie (D:7)
  3 worms
  3 dart slugs (D:2)
  4 leopard geckos
  99 orcs
  11 giant cockroaches
  22 goblins
  15 hobgoblins
  10 jackals
  5 quokkas
  6 ball pythons
  4 bats
  14 frilled lizards
  2 jackal skeletons
  7 kobolds
  A quokka skeleton (D:4)
  14 rats
  A plant (D:11)
1404 creatures vanquished.

Vanquished Creatures (collateral kills)
  A bullfrog zombie (D:11)
  A crimson imp (D:11)
2 creatures vanquished.

Vanquished Creatures (others)
  3 yaktaur captains
  2 centaur warriors
  A two-headed ogre (D:8)
  A naga ritualist (Snake:3)
  A phantasmal warrior (Vaults:2)
  A mana viper (Snake:3)
  2 black mambas (Snake:3)
  A yaktaur (Vaults:2)
  2 hornets
  2 vampire mosquitoes (Lair:5)
  An orc warrior (Orc:2)
  3 centaurs
  A bullfrog (D:8)
  An orc priest (Orc:1)
  An adder (D:8)
  A bush (Lair:4)
  24 fungi
  68 plants
116 creatures vanquished.

Grand Total: 1522 creatures vanquished

Notes
Turn   | Place    | Note
-------+----------+-------------------------------------------
     0 | D:1      | Gorglomux the Felid Venom Mage began the quest for the Orb.
     0 | D:1      | Reached XP level 1. HP: 7/7 MP: 4/4
   221 | D:2      | Reached skill level 1 in Conjurations
   324 | D:2      | Reached skill level 3 in Poison Magic
   324 | D:2      | Reached XP level 2. HP: 7/11 MP: 0/6
   447 | D:2      | Learned a level 2 spell: Poisonous Vapours
  1106 | D:1      | Reached XP level 3. HP: 14/14 MP: 0/7
  1860 | D:2      | Found a snail-covered altar of Cheibriados.
  1899 | D:2      | Reached skill level 3 in Spellcasting
  1899 | D:2      | Reached XP level 4. HP: 18/18 MP: 2/9
  1948 | D:2      | Found a sparkling altar of Nemelex Xobeh.
  2033 | D:2      | Found a shimmering altar of Xom.
  2331 | D:2      | Learned a level 4 spell: Olgreb's Toxic Radiance
  2644 | D:3      | Noticed Natasha
  2662 | D:3      | Killed Natasha
  2943 | D:3      | Reached XP level 5. HP: 21/21 MP: 8/11
  3104 | D:3      | Noticed Robin
  3122 | D:3      | Killed Robin
  3481 | D:3      | Noticed Natasha
  3485 | D:3      | Killed Natasha
  3486 | D:3      | Noticed Natasha
  3513 | D:3      | Killed Natasha
  3828 | D:3      | Found a runed door.
  3890 | D:3      | Found a bloodstained altar of Trog.
  4235 | D:3      | Noticed Crazy Yiuf
  4264 | D:3      | Killed Crazy Yiuf
  4264 | D:3      | Gained mutation: You are covered in thick fur. (AC +2) [Felid growth]
  4264 | D:3      | Reached XP level 6. HP: 24/24 MP: 7/13
  5162 | D:5      | Entered Level 5 of the Dungeon
  5177 | D:5      | Reached XP level 7. HP: 26/27 MP: 0/15
  6135 | D:5      | Reached skill level 6 in Poison Magic
  6654 | D:5      | Reached skill level 6 in Spellcasting
  6959 | D:6      | Learned a level 3 spell: Stone Arrow
  6993 | D:6      | Reached XP level 8. HP: 31/31 MP: 7/18
  7133 | D:6      | Found a glowing drain.
  7143 | Sewer    | Entered a sewer
  7146 | Sewer    | Reached skill level 1 in Earth Magic
  8096 | D:6      | Found an opulent altar of Gozag.
  8191 | D:6      | Found Voatoeho's Jewellery Shop.
  8202 | D:6      | Found an iron altar of Okawaru.
  8478 | D:6      | Found a staircase to the Ecumenical Temple.
  8484 | Temple   | Entered the Ecumenical Temple
  8622 | Temple   | Became a worshipper of Dithmenos the Shadowed
  8802 | D:7      | Reached skill level 3 in Earth Magic
  9322 | D:7      | Noticed Pikel
  9380 | D:7      | Killed Pikel
  9380 | D:7      | Reached XP level 9. HP: 34/34 MP: 4/19
  9654 | D:8      | Killed a two-headed ogre
  9703 | D:8      | Noticed Psyche
  9733 | D:8      | Killed Psyche
 10163 | D:8      | Reached skill level 6 in Conjurations
 10254 | D:8      | Found an opulent altar of Gozag.
 10381 | D:8      | Found a shimmering altar of Xom.
 10401 | D:8      | Reached * piety under Dithmenos
 10401 | D:8      | Reached skill level 1 in Fighting
 10607 | D:8      | Noticed Gastronok
 10967 | D:8      | Learned a level 3 spell: Mephitic Cloud
 11088 | D:8      | Killed from afar by Gastronok
 11089 | D:8      | Reached XP level 8. HP: -2/33 MP: 12/18
 11576 | D:8      | Killed Gastronok
 11576 | D:8      | Reached XP level 9. HP: 26/43 MP: 2/19
 12357 | D:9      | Noticed a troll
 12962 | D:9      | Reached XP level 10. HP: 35/49 MP: 11/20
 13302 | D:9      | Reached skill level 9 in Fighting
 13417 | D:9      | Found a sacrificial altar of Ru.
 13645 | D:10     | Entered Level 10 of the Dungeon
 14364 | D:10     | Reached ** piety under Dithmenos
 14971 | D:10     | Reached skill level 3 in Dodging
 15663 | D:9      | Noticed a red ugly thing
 15729 | D:10     | Killed a red ugly thing
 15729 | D:10     | Reached skill level 6 in Dodging
 15729 | D:10     | Reached XP level 11. HP: 12/55 MP: 6/21
 17592 | D:11     | Reached *** piety under Dithmenos
 17619 | D:11     | Reached skill level 9 in Dodging
 17884 | D:11     | Found a staircase to the Lair.
 17884 | D:11     | Noticed a two-headed ogre
 17922 | D:11     | Killed a two-headed ogre
 18295 | D:11     | Noticed a two-headed ogre
 18324 | D:11     | Killed a two-headed ogre
 19021 | D:11     | Reached **** piety under Dithmenos
 19205 | D:11     | Found a staircase to the Orcish Mines.
 19215 | D:11     | Reached skill level 12 in Dodging
 19293 | D:11     | Noticed a two-headed ogre
 19314 | D:11     | Killed a two-headed ogre
 19767 | Lair:1   | Entered Level 1 of the Lair of Beasts
 19795 | Lair:1   | Reached skill level 3 in Stealth
 20696 | Lair:1   | Reached skill level 6 in Stealth
 20890 | Lair:1   | Learned a level 4 spell: Petrify
 20915 | Lair:2   | Noticed a seven-headed hydra
 21169 | Lair:2   | Gained mutation: Your thick and shaggy fur keeps you warm. (AC +3, rC+) [Felid growth]
 21169 | Lair:2   | Reached XP level 12. HP: 42/60 MP: 1/22
 21517 | Lair:2   | Found a hazy altar of Hepliaklqana.
 21817 | Lair:2   | Reached skill level 9 in Stealth
 22763 | Lair:2   | Killed a seven-headed hydra
 22978 | Lair:3   | Reached skill level 12 in Stealth
 23338 | Lair:3   | Noticed a seven-headed hydra
 23473 | Lair:3   | Reached skill level 1 in Unarmed Combat
 23575 | Lair:3   | Found a staircase to the Snake Pit.
 23652 | Lair:3   | Reached skill level 1 in Transmutations
 23668 | Lair:3   | Reached skill level 3 in Transmutations
 24347 | Lair:3   | Identified a scroll of acquirement
 24349 | Lair:3   | Identified Rinabusk's Papyrus of Sinister Enchantment (You acquired it on level 3 of the Lair of Beasts)
 24358 | Lair:3   | Learned a level 6 spell: Invisibility
 24443 | Lair:3   | Reached skill level 6 in Transmutations
 24630 | Lair:3   | Killed a seven-headed hydra
 24630 | Lair:3   | Reached XP level 13. HP: 63/63 MP: 9/23
 25324 | Lair:4   | Reached skill level 6 in Earth Magic
 25350 | Lair:4   | Reached skill level 1 in Hexes
 25662 | Lair:4   | Reached skill level 3 in Hexes
 25918 | Lair:4   | Reached ***** piety under Dithmenos
 25918 | Lair:4   | Reached skill level 6 in Hexes
 26141 | Lair:4   | Found a staircase to the Swamp.
 27029 | Lair:5   | Reached skill level 9 in Hexes
 28136 | Lair:5   | Reached skill level 12 in Hexes
 28654 | Lair:6   | Entered Level 6 of the Lair of Beasts
 28658 | Lair:6   | Found a staircase to the Slime Pits.
 29549 | Lair:6   | Reached XP level 14. HP: 67/67 MP: 1/24
 30269 | Lair:6   | Reached skill level 1 in Evocations
 30951 | Lair:6   | Reached skill level 3 in Evocations
 32164 | Lair:6   | Reached skill level 6 in Evocations
 32751 | Lair:6   | Reached ****** piety under Dithmenos
 33314 | Lair:6   | Reached skill level 12 in Fighting
 35970 | D:12     | Found a shadowy altar of Dithmenos.
 36656 | D:12     | Reached XP level 15. HP: 45/75 MP: 10/26
 37345 | D:13     | Noticed Erolcha
 37349 | D:13     | Killed Erolcha
 37360 | D:13     | Reached skill level 3 in Unarmed Combat
 39167 | D:13     | Noticed Rupert
 39345 | D:13     | Reached skill level 6 in Unarmed Combat
 39772 | D:13     | Found a gate to the Vaults.
 41460 | D:13     | Reached skill level 9 in Unarmed Combat
 42693 | D:14     | Noticed Roxanne
 42726 | D:14     | Killed Roxanne
 42727 | D:14     | Identified Roxanne's Guide on Stones (You took it off Roxanne on level 14 of the Dungeon)
 42966 | D:14     | Learned a level 6 spell: Statue Form
 43437 | D:15     | Entered Level 15 of the Dungeon
 44203 | D:15     | Reached XP level 16. HP: 79/79 MP: 27/27
 45141 | D:15     | Found a staircase to the Depths.
 45355 | Orc:1    | Entered Level 1 of the Orcish Mines
 45355 | Orc:1    | Noticed Nicoed's ghost (journeyman OpCj)
 45434 | D:11     | Gained mutation: You expend magic power (3 MP) to strengthen your wands. [mutagenic glow]
 45752 | Orc:1    | Killed Nicoed's ghost
 45928 | Orc:1    | Found Uchudgh's General Store.
 45962 | Orc:1    | Bought a potion of heal wounds for 70 gold pieces
 46171 | Orc:2    | Entered Level 2 of the Orcish Mines
 46285 | Orc:2    | Found a roughly hewn altar of Beogh.
 46299 | Orc:2    | Found Buoprose's Gadget Shop.
 46441 | Orc:2    | Found a roughly hewn altar of Beogh.
 46616 | Orc:2    | Found a roughly hewn altar of Beogh.
 46713 | Orc:2    | Found a roughly hewn altar of Beogh.
 46713 | Orc:2    | Found Uji Epar's Jewellery Emporium.
 46741 | Orc:2    | Bought a +3 amulet of reflection for 251 gold pieces
 46911 | Orc:2    | Found a staircase to the Elven Halls.
 47425 | Orc:2    | Found a roughly hewn altar of Beogh.
 47478 | Orc:2    | Reached skill level 9 in Transmutations
 47551 | Orc:2    | Found a roughly hewn altar of Beogh.
 48274 | Orc:2    | Found Tomecs's Antique Weapon Emporium.
 48275 | Orc:2    | Found a roughly hewn altar of Beogh.
 48278 | Orc:2    | Found Qioshresh's Antique Armour Shoppe.
 48859 | Swamp:1  | Entered Level 1 of the Swamp
 49143 | Swamp:1  | Noticed a thorn hunter
 49152 | Swamp:1  | Killed a thorn hunter
 49277 | Swamp:1  | Learned a level 3 spell: Ozocubu's Armour
 50540 | Swamp:2  | Reached skill level 9 in Earth Magic
 51986 | Swamp:3  | Reached skill level 9 in Spellcasting
 52062 | Swamp:3  | Reached XP level 17. HP: 83/83 MP: 26/31
 52727 | Swamp:3  | Noticed Mara
 52840 | Swamp:3  | Noticed Gorglomux's illusion
 53634 | Snake:1  | Entered Level 1 of the Snake Pit
 53728 | Snake:1  | Learned a level 6 spell: Iron Shot
 54352 | Snake:1  | Noticed Louise
 54791 | Snake:1  | Killed Louise
 56071 | Snake:3  | Noticed Nikola
 56109 | Snake:3  | Killed Nikola
 57753 | Snake:4  | Entered Level 4 of the Snake Pit
 57977 | Swamp:3  | Noticed Gorglomux's illusion
 58335 | Swamp:4  | Entered Level 4 of the Swamp
 58733 | Swamp:4  | Reached XP level 18. HP: 87/87 MP: 27/34
 59452 | Swamp:4  | Got a decaying rune of Zot
 59460 | Swamp:4  | Noticed oliv1008's ghost (adept MiBe)
 60626 | Snake:4  | Reached skill level 9 in Conjurations
 60626 | Snake:4  | Reached skill level 12 in Earth Magic
 61661 | Snake:4  | Reached skill level 12 in Spellcasting
 61792 | Snake:4  | Mangled by a naga warrior
 61793 | Snake:4  | Reached XP level 17. HP: -6/107 MP: 34/34
 61813 | Snake:4  | Found Egiyf's Magic Scroll Shoppe.
 61843 | Snake:4  | Bought a scroll of teleportation for 45 gold pieces
 61843 | Snake:4  | Bought a scroll of blinking for 112 gold pieces
 61843 | Snake:4  | Bought a scroll of teleportation for 45 gold pieces
 63103 | Snake:4  | Reached skill level 1 in Invocations
 63279 | Snake:4  | Reached skill level 3 in Invocations
 63592 | Snake:4  | Reached XP level 18. HP: 45/87 MP: 31/35
 63807 | Snake:4  | Slain by a naga warrior
 63808 | Snake:4  | Reached XP level 17. HP: 0/83 MP: 34/34
 63914 | Snake:4  | Got a serpentine rune of Zot
 64392 | Vaults:1 | Entered Level 1 of the Vaults
 64935 | Vaults:1 | Reached skill level 6 in Invocations
 65797 | Vaults:1 | Reached skill level 9 in Invocations
 65822 | Vaults:1 | Found a portal to a secret trove of treasure.
 65853 | Vaults:1 | Found Plog's Weapon Shop.
 65909 | Vaults:1 | HP: 1/107 [vault warden/bolt (28)]
 67262 | Vaults:1 | Mangled by a stone giant

Skill      XL: |  1  2  3  4  5  6  7  8  9 10 11 12 13 14 15 16 17 18 |
---------------+-------------------------------------------------------+-----
Conjurations   | 1 4 6 10 9 | 10.2
Poison Magic   | 3 4 5 6 7 |  7.3
Spellcasting   | 3 4 5 6 7 9 11 12 | 12.4
Earth Magic    | 4 6 9 11 12 | 12.7
Fighting       | 7 8 11 13 14 | 14.1
Dodging        | 6 12 14 | 14.2
Stealth        | 7 13 | 13.1
Unarmed Combat | 1 9 |  9.0
Transmutations | 6 7 10 11 | 11.5
Hexes          | 13 14 | 14.0
Evocations     | 6 |  6.0
Invocations    | 10 4 | 10.0

Action                   |  1- 3 |  4- 6 |  7- 9 | 10-12 | 13-15 | 16-18 || total
-------------------------+-------+-------+-------+-------+-------+-------++-------
Melee: Unarmed           |    18 |    57 |   134 |   296 |   743 |  1863 ||  3111
       Bite              |     3 |     8 |    16 |    43 |    91 |   218 ||   379
       Punch             |       |       |       |     1 |    12 |    89 ||   102
 Cast: Sting             |    67 |    37 |    64 |    76 |   266 |    76 ||   586
       Poisonous Vapours |    17 |    67 |   136 |   207 |   144 |    54 ||   625
       Olgreb's Toxic Ra |       |     5 |    36 |    63 |   104 |    33 ||   241
       Stone Arrow       |       |       |    41 |   171 |   261 |    99 ||   572
       Mephitic Cloud    |       |       |     1 |     2 |     5 |       ||     8
       Petrify           |       |       |       |     1 |    96 |    44 ||   141
       Invisibility      |       |       |       |       |    23 |    29 ||    52
       Statue Form       |       |       |       |       |       |   133 ||   133
       Iron Shot         |       |       |       |       |       |    52 ||    52
Invok: Shadow Step       |       |       |       |       |     3 |     7 ||    10
       Shadow Form       |       |       |       |       |       |     2 ||     2
Evoke: Wand              |       |       |     1 |     3 |    18 |     4 ||    26
       Phial of floods   |       |       |       |       |       |     2 ||     2
  Use: Potion            |       |     1 |       |     2 |     5 |     9 ||    17
       Scroll            |       |       |    11 |     9 |    14 |    16 ||    50
 Stab: Sleeping          |       |     1 |     4 |     3 |    38 |    74 ||   120
       Distracted        |       |       |     1 |       |     3 |     4 ||     8
       Petrified         |       |       |       |     1 |    87 |    21 ||   109
       Invisible         |       |       |       |       |    71 |    73 ||   144
       Petrifying        |       |       |       |       |     4 |     6 ||    10
       Paralysed         |       |       |       |       |     3 |     1 ||     4
       Confused          |       |       |       |       |     1 |     2 ||     3
  Eat: Chunk             |    11 |     9 |    26 |    48 |    77 |    99 ||   270
       Royal jelly       |       |       |       |       |       |     6 ||     6
       Meat ration       |       |       |       |       |       |     4 ||     4
Armor: Skin              |     2 |     7 |    20 |    13 |    25 |   438 ||   505
Dodge: Dodged            |    37 |    67 |   198 |   414 |  1252 |  3626 ||  5594
Block: Other             |       |       |       |       |       |   309 ||   309
       Reflection        |       |       |       |       |       |    10 ||    10
